AoeStats
← Antarctic Nerd

Arena

504776552Analyzed
3v3 RM · 27d ago on Sep 6, 2026· 46m 24s· 6 players
Game mode
Random Map
Map size
Normal (6 player)
Population
200
Speed
Normal
Resources
Standard
Victory
Conquest
Starting age
Dark Age
Ending age
Imperial Age
RankedLock teamsTeams togetherTeam positionsShared explorationLock speedFull tech treeHidden civsTurbo modeCheats
Victory
Defeat
🇨🇳 Romans · China
915
+17
🇨🇳 Spanish · China
907
+18
🇨🇳 Lithuanians · China
906
+18
🇪🇸 Spanish · Spain
967
-19
🇬🇧 Burgundians · United Kingdom
931
-17
🇷🇺 Koreans · Russia
929
-17
Shaci
7:45 Loom
10:50 Feudal Age
11:23 Double-Bit Axe
17:16 Castle Age
16:06 Horse Collar
18:18 Bow Saw
18:46 Wheelbarrow
20:39 Heavy Plow
27:04 Hand Cart
28:27 Gold Mining
29:21 Forging
30:58 Gold Shaft Mining
31:02 Squires
31:09 Scale Mail Armor
34:58 Imperial Age
32:53 Fortified Wall
32:40 Stone Mining
33:40 Chain Mail Armor
35:54 Iron Casting
35:19 Elite Fire Lancer
35:23 Heavy Rocket Cart
37:54 Two-Man Saw
37:38 Conscription
psycomp3
10:52 Feudal Age
11:26 Double-Bit Axe
12:51 Horse Collar
13:56 Wheelbarrow
13:27 Gold Mining
17:44 Castle Age
19:01 Bow Saw
18:52 Stone Mining
20:44 Loom
22:35 Town Watch
26:35 Stone Shaft Mining
26:36 Heavy Plow
27:25 Hand Cart
27:44 Town Patrol
31:40 Imperial Age
30:24 Forging
31:24 Pikeman
32:42 Iron Casting
32:09 Scale Mail Armor
33:04 Ballistics
33:48 Two-Man Saw
32:39 Halberdier
33:23 Squires
34:27 Blast Furnace
33:46 Arson
34:24 Conscription
34:23 Chain Mail Armor
36:14 Plate Mail Armor
35:36 Fletching
36:01 Elite Skirmisher
36:48 Bodkin Arrow
36:56 Padded Archer Armor
Antarctic Nerd
6:25 Double-Bit Axe
11:54 Feudal Age
10:36 Horse Collar
11:02 Gold Mining
11:04 Loom
13:00 Bow Saw
12:53 Heavy Plow
16:34 Scale Mail Armor
17:55 Forging
17:40 Town Watch
21:38 Castle Age
20:06 Scale Barding Armor
20:53 Gold Shaft Mining
22:32 Wheelbarrow
21:54 Stone Mining
21:57 Cavalier
22:39 Husbandry
24:45 Iron Casting
25:46 Two-Man Saw
27:18 Crop Rotation
28:48 Hand Cart
32:06 Man-at-Arms
32:48 Squires
33:16 Long Swordsman
38:58 Imperial Age
37:22 Burgundian Vineyards
37:15 Pikeman
39:53 Fletching
41:05 Blast Furnace
40:06 Paladin
41:36 Halberdier
42:21 Bodkin Arrow
43:17 Capped Ram
44:43 Conscription
45:25 Chain Mail Armor
蝎子莱莱爱喝酒
10:02 Feudal Age
11:09 Double-Bit Axe
11:37 Horse Collar
18:28 Castle Age
19:27 Forging
21:24 Iron Casting
20:53 Man-at-Arms
22:02 Long Swordsman
23:16 Squires
24:36 Bow Saw
24:29 Heavy Plow
26:09 Stone Mining
26:58 Gold Mining
29:33 Masonry
31:31 Wheelbarrow
31:47 Gold Shaft Mining
37:28 Imperial Age
35:19 Hand Cart
34:57 Pikeman
35:48 Scale Mail Armor
37:05 Chain Mail Armor
37:36 Town Watch
38:04 Legionary
46:08 Blast Furnace
46:08 Ballistas
最好的坤坤
11:00 Feudal Age
15:42 Castle Age
14:43 Double-Bit Axe
14:44 Horse Collar
26:48 Heavy Plow
27:12 Bow Saw
29:31 Wheelbarrow
31:02 Ballistics
34:06 Imperial Age
31:53 Hand Cart
33:34 Loom
33:44 Gold Mining
33:49 Stone Mining
33:57 Fletching
34:08 Padded Archer Armor
35:00 Bodkin Arrow
34:48 Elite Conquistador
35:50 Conscription
37:53 Stone Shaft Mining
37:51 Leather Archer Armor
37:37 Bracer
37:45 Thumb Ring
37:44 Husbandry
37:55 Bloodlines
38:48 Chemistry
林
9:56 Feudal Age
13:44 Castle Age
11:48 Double-Bit Axe
23:59 Wheelbarrow
23:30 Stone Mining
23:27 Horse Collar
25:57 Hand Cart
29:20 Imperial Age
27:06 Gold Mining
27:51 Stone Shaft Mining
28:20 Forging
28:16 Scale Barding Armor
28:31 Heavy Plow
28:50 Bow Saw
29:54 Iron Casting
30:03 Stone Shaft Mining
30:17 Chain Barding Armor
29:44 Elite Leitis
33:03 Two-Man Saw
32:35 Crop Rotation
34:10 Plate Barding Armor
33:43 Loom
Connection lost

Rejoining the realm…

Still unreachable

The connection could not be restored.

Session expired

The server has moved on; the page needs a fresh start.